 Dungeon Crawl Stone Soup version 0.25-a0-1133-g93ebf73 (webtiles) character file.

Game seed: 4163849202372186838, levelgen mode: deterministic

137 Faca the Skirmisher (level 5, 0/59 HPs)
             Began as an Ogre Fighter on May 22, 2020.
             Succumbed to an adder's poison
             ... on level 2 of the Dungeon.
             The game lasted 00:03:14 (2362 turns).

Faca the Skirmisher (Ogre Fighter)                  Turns: 2362, Time: 00:03:14

Health: 0/59       AC:  3    Str: 21    XL:     5   Next: 20%
Magic:  5/5        EV:  8    Int:  9    God:
Gold:   72         SH:  9    Dex:  8    Spells: 4/4 levels left

rFire    . . .     SeeInvis .   a - +0 trident
rCold    . . .     Gourm    .   c - +1 kite shield
rNeg     . . .     Faith    .   b - +0 robe
rPois    .         Spirit   .   (helmet restricted)
rElec    .         Reflect  .   (no cloak)
rCorr    .         Harm     .   (gloves unavailable)
MR       .....                  (boots unavailable)
Stlth    +.........             (no amulet)
HPRegen  0.19/turn              (no ring)
MPRegen  0.09/turn              (no ring)

@: lethally poisoned (0 -> -21)
A: large, unfitting armour, tough skin 1
a: no special abilities


You were on level 2 of the Dungeon.
You were not hungry.

You visited 1 branch of the dungeon, and saw 2 of its levels.

You collected 72 gold pieces.

Inventory:

Hand Weapons
 a - a +0 trident (weapon)
 e - a +1 hunting sling of flaming
Missiles
 h - 39 stones (quivered)
Armour
 b - a +0 robe (worn)
 c - a +1 kite shield (worn)
Scrolls
 i - a scroll of identify
 l - 3 scrolls of remove curse {unknown}
Potions
 d - a potion of might
 j - a potion of invisibility
Comestibles
 f - 6 rations
 g - 5 chunks of flesh


   Skills:
 + Level 6.0 Fighting
 + Level 3.9 Polearms
 - Level 2.6 Dodging
 - Level 2.6 Shields


You had 4 spell levels left.
You didn't know any spells.
Your spell library was empty.

Dungeon Overview and Level Annotations

Branches:
Dungeon (2/15)

Altars:
Zin


Innate Abilities, Weirdness & Mutations

You are too large for most types of armour.
You have tough skin. (AC +1)


Message History

The adder is lightly wounded.
* * * LOW HITPOINT WARNING * * *
You feel very sick. The adder bites you.
* * * LOW HITPOINT WARNING * * *
You are more poisoned.
The adder poisons you! The adder bites you.
* * * LOW HITPOINT WARNING * * *
You miss the adder.
The adder is lightly wounded.
* * * LOW HITPOINT WARNING * * *
You feel sick. You block the adder's attack.
You barely miss the adder.
The adder is lightly wounded.
* * * LOW HITPOINT WARNING * * *
You feel very sick. You block the adder's attack.
The adder bites you but does no damage.
You closely miss the adder.
The adder is lightly wounded.
You die...

# #.....# ..
####.....#### # ...
#..#.>...[... .
...#..#..#...##. #.
#.........#####.
#.########..÷...#..÷.
#...............#.###
#.....!.###...)##.#
##.†@##$# #....)..#
#.....S....#
#....####
##...##.#..# #....#
#... ..#..# #....#
#.. ###### #....# #.
....### # #####


You could see an adder.

Vanquished Creatures
  A worker ant (D:2)
  A hound zombie (D:2)
  3 gnolls (D:2)
  3 adders (D:2)
  An ooze (D:2)
  4 worms (D:2)
  A dart slug (D:2)
  A bat (D:2)
  A giant cockroach (D:2)
  4 hobgoblins
  3 frilled lizards (D:2)
  2 goblins
  6 kobolds
  6 rats
37 creatures vanquished.

Notes
Turn   | Place    | Note
-------+----------+-------------------------------------------
     0 | D:1      | Faca the Ogre Fighter began the quest for the Orb.
     0 | D:1      | Reached XP level 1. HP: 24/24 MP: 1/1
     1 | D:1      | Noticed a merfolk zombie
     7 | D:1      | Noticed a minotaur zombie
    13 | D:1      | Noticed a minotaur zombie
   654 | D:1      | Reached XP level 2. HP: 23/33 MP: 2/2
  1322 | D:2      | Reached XP level 3. HP: 15/41 MP: 3/3
  1706 | D:2      | Reached skill level 5 in Fighting
  1838 | D:2      | Reached XP level 4. HP: 40/50 MP: 4/4
  2020 | D:2      | Found a glowing silver altar of Zin.
  2177 | D:2      | Reached XP level 5. HP: 37/59 MP: 5/5
  2243 | D:2      | Reached skill level 6 in Fighting
  2361 | D:2      | HP: 2/59 [poisoned by an adder]
  2362 | D:2      | Succumbed to an adder's poison

Illustrated notes

Levels and vault maps discovered:
D:1:      shiori_arrival_whats_in_store_for_you, layout_basic
D:2:      layout_basic, chequers_arboretum, lemuel_statue_altar

Skill      XL: |  1  2  3  4  5 |
---------------+----------------+-----
Fighting       | 5 6 |  6.0
Polearms       | 3 |  3.9
Dodging        | |  2.6
Shields        | |  2.6

Action                   |  1- 3 |  4- 6 || total
-------------------------+-------+-------++-------
Melee: Trident           |   120 |    75 ||   195
  Use: Scroll            |     4 |       ||     4
       Potion            |     2 |       ||     2
  Eat: Chunk             |     3 |     2 ||     5
Armor: Robe              |    21 |    18 ||    39
Dodge: Dodged            |    32 |    26 ||    58
Block: Kite shield       |    43 |    40 ||    83

Table legend:
 A = Non-vault XP
 B = Vault XP
 C = Vault XP percentage of total XP
 D = Non-vault monster count
 E = Vault monster count
 F = Vault count percentage of total count
                 A         B        C        D         E       F
            +---------+---------+-------+---------+---------+-------
      Total |     197 |       0 |   0.0 |      37 |       0 |   0.0
            +---------+---------+-------+---------+---------+-------
        D:1 |      10 |       0 |   0.0 |       7 |       0 |   0.0
        D:2 |     187 |       0 |   0.0 |      30 |       0 |   0.0
            +---------+---------+-------+---------+---------+-------
